 Dungeon Crawl Stone Soup version 0.23.2-11-gf996548c65 (webtiles) character file.

Game seed: 17736623378726680594

186 Nattfarinn the Digger (level 5, -1/30 HPs)
             Began as a Gargoyle Earth Elementalist on June 5, 2019.
             Slain by a gnoll
             ... wielding a +0 halberd
              (9 damage)
             ... on level 4 of the Dungeon.
             The game lasted 00:08:57 (4131 turns).

Nattfarinn the Digger (Gargoyle Earth Elementalist) Turns: 4131, Time: 00:08:58

Health: -1/30      AC:  7    Str: 12    XL:     5   Next: 66%
Magic:  9/9        EV: 12    Int: 16    God:
Gold:   169        SH:  0    Dex: 10    Spells: 6/10 levels left

rFire    + . .     SeeInvis .   b - +3 quarterstaff (chaos)
rCold    . . .     Gourm    .   (shield currently unavailable)
rNeg     + . .     Faith    .   c - +0 robe
rPois    ∞         Spirit   .   (no helmet)
rElec    +         Reflect  .   u - +0 cloak
rCorr    .         Harm     .   (no gloves)
MR       .....                  (no boots)
Stlth    ++........             (no amulet)
HPRegen  0.10/turn              i - ring of protection from fire
MPRegen  0.11/turn              (no ring)

@: no status effects
A: negative energy resistance 1, electricity resistance, unbreathing,
petrification resistance, rot immunity, AC +4
a: no special abilities


You were on level 4 of the Dungeon.
You were not hungry.

You visited 1 branch of the dungeon, and saw 4 of its levels.

You collected 169 gold pieces.

Inventory:

Hand Weapons
 b - a +3 quarterstaff of chaos (weapon)
Armour
 c - a +0 robe (worn)
 u - a +0 cloak (worn)
Jewellery
 i - a ring of protection from fire (left hand)
Wands
 l - a wand of digging (5)
 p - a wand of scattershot (5)
Scrolls
 e - a scroll of identify
 g - 3 scrolls of immolation
 n - a scroll of remove curse
 q - 2 scrolls of enchant armour
Potions
 a - a potion of mutation {unknown}
 o - a potion of agility {unknown}
 r - a potion of curing {unknown}
 t - a potion of flight {unknown}
Comestibles
 d - 3 rations
 v - 3 chunks of flesh


   Skills:
 - Level 1.8 Fighting
 - Level 1.5 Dodging
 - Level 2.1 Stealth
 + Level 3.1 Spellcasting
 + Level 1.5 Conjurations
   Level 0.7 Transmutations
 * Level 5.8 Earth Magic


You had 6 spell levels left.
You knew the following spells:

 Your Spells              Type           Power        Failure   Level  Hunger
a - Sandblast             Erth           ###...       1%          1    None
b - Stone Arrow           Conj/Erth      ##....       12%         3    ###....

Your spell library contained the following spells:

 Spells                   Type           Power        Failure   Level  Hunger
 Passwall                 Tmut/Erth      ##......     8%          2    ##.....
 Petrify                  Tmut/Erth      ##......     43%         4    ####...
 Lee's Rapid Deconstruct  Erth           ###.......   43%         5    ######.


Dungeon Overview and Level Annotations

Branches:
Dungeon (4/15)
 Temple: D:4-7

Altars:
Okawaru
Yredelemnul
Zin


Innate Abilities, Weirdness & Mutations

You are resistant to torment.
Your stone body is resilient. (AC +4)
You are immune to poison.
You resist negative energy. (rN+)
You are resistant to electric shocks. (rElec)
You can survive without breathing.
You are immune to petrification.
You are immune to rotting.


Message History

You hear a loud clanging noise!
It was a scroll of noise.
You hear a shout! x2; You hear a bark!
You hear a shout!
The worker ant closely misses you. The gnoll barely misses you.
The gnoll hits you but does no damage. The worker ant misses you.
As you read the scroll labeled WAD FOCOXO, it crumbles to dust.
You feel aware of your surroundings.
You sensed 1 altar, and 1 shop/portal.
It was a scroll of magic mapping.
The gnoll hits you but does no damage. The gnoll barely misses you.
The worker ant bites you but does no damage.
As you read the scroll labeled DEZAUN VANOLOOLYSA, it crumbles to dust.
The scroll dissolves into smoke.
It was a scroll of fog.
The gnoll hits you but does no damage. x2; The worker ant closely misses you.
As you read the scroll labeled PIGAWN CAWK, it crumbles to dust.
It is a scroll of enchant weapon.
Your +2 quarterstaff of chaos glows red for a moment.
The gnoll completely misses you.
The worker ant bites you but does no damage.
The gnoll hits you from afar with a +0 halberd!
You die...

,,,,*,*,,,** *,* #.......#...#
***,*,*,******,* ###.....###..#
**,*,*,,,,,,,,* #............#
*,,,,*,*##########..#..#####.##
*,,,,,,,.....>.....###.# *,*
*,,,,,,,.......####.#..# *,*
*******,****#..§§§....#.# *,*
,,,,,,,,* ####a######.# *,*
*******,* #@# #.# *,*
*,*******#g#* *.# *,*
*,,,,,,,#Zgg#* *,* *,*
*******......#***,* *,*
#........,,,* *,* ##.....###***
*,* ##...##*********,***
##...,,,,,,,,,,,,,,
####************,,


You could see a worker ant, 3 gnolls and a jackal skeleton.

Vanquished Creatures
  Crazy Yiuf (D:3)
  An orc priest (D:3)
  2 adders
  An ooze (D:3)
  5 worms
  5 dart slugs
  6 leopard geckos
  8 orcs (D:3)
  3 giant cockroaches
  7 goblins
  4 hobgoblins (D:1)
  4 jackals (D:2)
  2 ball pythons (D:3)
  4 bats
  4 frilled lizards
  6 kobolds
  8 rats
71 creatures vanquished.

Notes
Turn   | Place    | Note
-------+----------+-------------------------------------------
     0 | D:1      | Nattfarinn the Gargoyle Earth Elementalist began the quest
                  | for the Orb.
     0 | D:1      | Reached XP level 1. HP: 10/10 MP: 3/3
   418 | D:1      | Reached XP level 2. HP: 12/16 MP: 5/5
   425 | D:1      | Reached skill level 4 in Earth Magic
   994 | D:1      | Reached skill level 1 in Fighting
  1486 | D:1      | Reached XP level 3. HP: 17/20 MP: 6/6
  2019 | D:2      | Found a faded altar of an unknown god.
  2164 | D:2      | Found a basalt altar of Yredelemnul.
  2284 | D:2      | Found a basalt altar of Yredelemnul.
  2321 | D:2      | Reached XP level 4. HP: 25/26 MP: 7/7
  2694 | D:3      | Reached skill level 5 in Earth Magic
  2764 | D:3      | Found a glowing silver altar of Zin.
  2764 | D:3      | Found an iron altar of Okawaru.
  2769 | D:3      | Learned a level 3 spell: Stone Arrow
  3232 | D:3      | Reached skill level 1 in Conjurations
  3232 | D:3      | Reached XP level 5. HP: 30/30 MP: 6/9
  3555 | D:3      | Found a runed translucent door.
  3556 | D:3      | Noticed Crazy Yiuf
  4013 | D:3      | Killed Crazy Yiuf
  4131 | D:4      | Slain by a gnoll

Skill      XL: |  1  2  3  4  5 |
---------------+----------------+-----
Earth Magic    | 4 5 |  5.8
Fighting       | 1 |  1.8
Conjurations   | 1 |  1.5
Spellcasting   | 3 |  3.1
Dodging        | |  1.5
Stealth        | |  2.1
Transmutations | |  0.7

Action                   |  1- 3 |  4- 6 || total
-------------------------+-------+-------++-------
Melee: Unarmed           |    79 |    63 ||   142
       Quarterstaff      |       |     3 ||     3
 Cast: Sandblast         |    47 |    55 ||   102
       Stone Arrow       |       |     5 ||     5
  Use: Scroll            |       |     8 ||     8
 Stab: Sleeping          |     3 |       ||     3
  Eat: Chunk             |     5 |     6 ||    11
Armor: Robe              |    22 |    34 ||    56
Dodge: Dodged            |    54 |    69 ||   123
